 Dungeon Crawl Stone Soup version 0.28-a0-724-g66f9036eb4 (webtiles) character file.

Game seed: 13927712713758523461

3096 meatgazer the Agent of Entropy (level 9, 0/74 HPs)
             Began as a Demonspawn Abyssal Knight on Oct 26, 2021.
             Was a Priest of Lugonu.
             Killed from afar by an electric eel (4 damage)
             ... with a bolt of electricity
             ... on level 7 of the Dungeon.
             The game lasted 00:10:47 (8643 turns).

meatgazer the Agent of Entropy (DsAK)               Turns: 8643, Time: 00:10:47

Health: 0/74       AC:  9    Str: 14    XL:     9   Next: 59%
Magic:  16/16      EV:  9    Int: 14    God:    Lugonu [***...]
Gold:   355        SH:  0    Dex: 14    Spells: 13/13 levels left

rFire   . . .      SeeInvis .   c - +7 rapier of Beurgh {drain, rC+}
rCold   + . .      Faith    .   (no shield)
rNeg    . . .      Spirit   .   f - +0 scale mail
rPois   +          Reflect  .   (helmet restricted)
rElec   .          Harm     +   d - scarf {harm}
rCorr   .          Rampage  .   i - +0 pair of gloves
Will    .....                   (no boots)
Stlth   ..........              (no amulet)
HPRegen 0.22/turn               (no ring)
MPRegen 0.15/turn               (no ring)

@: mighty, about to teleport, studying Slings, very slow
A: horns 2, thin metallic scales 1, foul stench 1, spiny 1, fangs 1, poison
resistance, noise suppression
a: Renounce Religion, Depart the Abyss, Bend Space, Banish


You were on level 7 of the Dungeon.
You worshipped Lugonu.
Lugonu was most pleased with you.
You visited 1 branch of the dungeon, and saw 7 of its levels.
You visited the Abyss 1 time.

You collected 355 gold pieces.

Inventory:

Hand Weapons
 a - a +1 falchion of flaming
 b - a +1 dagger of venom
 c - the +7 rapier of Beurgh (weapon) {drain, rC+}
   (You found it on level 3 of the Abyss)

   A truly terrible weapon, it drains the life of any living foe it strikes.
   rC:        It protects you from cold.
Armour
 d - a scarf of harm (worn)
 f - a +0 scale mail (worn)
 i - a +0 pair of gloves (worn)
 q - the -4 helmet "Xoecel" {Contam rC+++ Will+++}
   (You found it on level 6 of the Dungeon)

   rC:        It renders you almost immune to cold.
   Contam:    It causes magical contamination when unequipped.
   Will:      It greatly increases your willpower.
 t - a +2 kite shield
Wands
 g - a wand of flame (16)
 m - a wand of acid (9)
 n - a wand of iceblast (4)
Scrolls
 h - a scroll of teleportation
 j - a scroll of brand weapon
 l - a scroll of immolation
 o - 3 scrolls of amnesia
 p - 2 scrolls of identify
Potions
 e - 6 potions of curing


   Skills:
 * Level 8.0 Fighting
 * Level 6.6(6.8) Short Blades
 - Level 1.7(4.5) Long Blades
 + Level 2.3 Armour
 - Level 0.8 Dodging
 + Level 1.2 Shields
 + Level 2.7 Spellcasting
 * Level 9.9 Invocations


You had 13 spell levels left.
You didn't know any spells.
Your spell library contained the following spells:

 Spells                   Type           Power      Damage    Failure   Level
 Beastly Appendage        Tmut           2%         N/A       67%         1
 Sublimation of Blood     Necr           0%         N/A       80%         2
 Wereblood                Tmut           1%         N/A       80%         2
 Conjure Flame            Conj/Fire      1%         6-21      95%         3
 Ignite Poison            Fire/Tmut/Pois 1%         N/A       95%         3
 Spider Form              Tmut/Pois      0%         N/A       95%         3
 Leda's Liquefaction      Hex/Erth       0%         N/A       100%        4
 Sticky Flame             Conj/Fire      1%         2d3       100%        4
 Summon Ice Beast         Ice/Summ       1%         N/A       100%        4
 Lee's Rapid Deconstruct  Erth           0%         3d5*      100%        5
 Summon Mana Viper        Hex/Summ       1%         N/A       100%        5
 Statue Form              Tmut/Erth      0%         N/A       100%        6
 Monstrous Menagerie      Summ           0%         N/A       100%        7
 Summon Hydra             Summ           0%         N/A       100%        7


Dungeon Overview and Level Annotations

Branches:
Dungeon (7/15)             Temple (0/1) D:6

Altars:
Ashenzari
Dithmenos
Kikubaaqudgha

Shops:
D:2 :


Innate Abilities, Weirdness & Mutations

You have a pair of horns on your head.
You are partially covered in thin metallic scales. (AC +2)
You may rarely emit foul miasma when damaged in melee.
You are partially covered in sharp spines.
You have very sharp teeth.
Your system is resistant to poisons. (rPois)
You passively dampen the noise of your surroundings.


Message History

You enter the shallow water.
Moving in this stuff is going to be slow.
The electric eel shoots out a bolt of lightning at you!
The bolt of electricity hits the plant! x3; The plant begins to die.
The bolt of electricity misses you.
A nearby plant withers and dies. x2
The electric eel shoots out a bolt of lightning at you!
The bolt of electricity hits you!
The bolt of electricity hits the plant!
The plant begins to die.
An electric eel comes into view.
The electric eel shoots out a bolt of lightning at you!
The bolt of electricity hits the plant.
The plant begins to die.
The bolt of electricity hits you!
The bolt of electricity hits the plant!
The plant begins to die.
The electric eel shoots out a bolt of lightning at you!
The bolt of electricity hits you!
The bolt of electricity hits the plant! x2
The plant begins to die.
You are too injured to fight recklessly!
You are too injured to fight recklessly!
You are too injured to fight recklessly!
You are too injured to fight recklessly!
As you read the scroll of teleportation, it crumbles to dust.
You feel strangely unstable.
A nearby plant withers and dies.
The electric eel shoots out a bolt of lightning at you!
The bolt of electricity hits you!
The bolt of electricity hits the plant! x2
You miss the electric eel. You headbutt the electric eel.
The electric eel is moderately wounded.
The electric eel shoots out a bolt of lightning at you!
The bolt of electricity hits the plant!
The plant begins to die.
The bolt of electricity hits the electric eel.
The electric eel completely resists.
The bolt of electricity hits you!
* * * LOW HITPOINT WARNING * * *
The electric eel shoots out a bolt of lightning at you!
The bolt of electricity hits you!
* * * LOW HITPOINT WARNING * * *
The bolt of electricity hits the plant! x2
You feel very mighty all of a sudden.
The electric eel shoots out a bolt of lightning at you!
The bolt of electricity hits the plant!
The bolt of electricity hits you.
You die...

............#.........)..P......#
.......#....##........♣)≈≈♣.....
#...##..)<............≈).≈≈≈#. ..
#....................P≈P≈.≈≈♣..#.
###...................≈≈≈≈)≈.....
##....≈.≈≈..P≈.≈≈...≈♣≈≈.≈....#
####.P≈≈≈.P≈PP≈≈....≈≈≈≈≈(#...
##≈≈≈P≈≈≈≈≈P≈..P≈≈≈≈≈≈...#.
.PP≈≈P≈≈P@≈≈...≈≈≈≈.≈....
.P≈≈≈≈≈≈SP≈≈...P≈♣≈≈≈....#
≈PP≈≈P≈S≈≈....♣≈≈≈♣#....
P≈≈≈≈≈≈≈≈≈♣.$..P.P. ..#.
≈≈S≈≈≈≈≈≈≈♣..#..#..
≈≈≈≈≈≈≈≈≈≈♣.##..#.. ≈≈≈≈≈≈≈≈≈≈♣.#
.. ♣≈≈≈≈≈≈≈≈♣♣


You could see 3 electric eels.

Vanquished Creatures
  Pikel (D:4)
  A wraith (D:6)
  3 water moccasins (D:6)
  2 sky beasts (D:6)
  An orc warrior (D:7)
  2 necrophages (D:4)
  3 ogres (D:4)
  2 centaurs (D:7)
  A kobold brigand (D:7)
  A bullfrog (D:6)
  4 scorpions
  A water moccasin zombie (D:4)
  A wight (D:4)
  3 electric eels (D:7)
  2 hounds
  An orc priest (D:7)
  A centaur zombie (D:5)
  3 jellies
  Crazy Yiuf (D:5)
  2 centaur skeletons
  2 orc wizards
  2 scorpion zombies (D:4)
  A hound zombie (D:4)
  2 hound skeletons (D:4)
  A howler monkey zombie (D:5)
  7 gnolls
  8 adders
  2 shadow imps
  2 white imps (D:7)
  2 ufetubi
  An adder skeleton (D:3)
  4 adder zombies (D:4)
  4 worms
  5 dart slugs
  11 orcs
  8 ball pythons
  2 bats
  4 endoplasms
  3 giant cockroaches
  6 hobgoblins
  2 jackals (D:4)
  8 kobolds
  6 quokkas
  6 frilled lizards
  6 goblins
  A jackal zombie (D:4)
  3 rats
145 creatures vanquished.

Vanquished Creatures (others)
  16 plants (D:7)
16 creatures vanquished.

Grand Total: 161 creatures vanquished

Notes
Turn   | Place    | Note
-------+----------+-------------------------------------------
     0 | Abyss:1  | meatgazer the Demonspawn Abyssal Knight began the quest for
                  | the Orb.
     0 | Abyss:1  | Reached XP level 1. HP: 18/18 MP: 2/2
    59 | Abyss:3  | Identified the +7 rapier of Beurgh {drain, rC+}
    95 | Abyss:3  | Gained mutation: You passively dampen the noise of your
                  | surroundings. [mutagenic glow]
   104 | Abyss:3  | Gained mutation: Your system is resistant to poisons.
                  | (rPois) [mutagenic glow]
   106 | D:1      | Escaped the Abyss
   115 | D:1      | Gained mutation: You have very sharp teeth. [mutagenic
                  | glow]
   754 | D:1      | Found a faded altar of an unknown god.
  1228 | D:1      | Gained mutation: You have a pair of small horns on your
                  | head. [demonic ancestry]
  1228 | D:1      | Reached XP level 2. HP: 24/24 MP: 4/4
  1261 | D:1      | Reached * piety under Lugonu
  1264 | D:1      | Reached skill level 3 in Invocations
  1651 | D:2      | Reached skill level 1 in Short Blades
  1784 | D:2      | Gained mutation: You may rarely emit foul miasma when
                  | damaged in melee. [demonic ancestry]
  1784 | D:2      | Reached XP level 3. HP: 17/29 MP: 5/5
  2185 | D:2      | Reached XP level 4. HP: 10/37 MP: 6/6
  2194 | D:2      | Reached skill level 4 in Invocations
  2879 | D:2      | Found Moes's Book Boutique.
  2904 | D:2      | Reached XP level 5. HP: 40/42 MP: 8/8
  3594 | D:3      | Found a broken altar of Ashenzari.
  3870 | D:3      | Reached skill level 5 in Invocations
  3873 | D:3      | Reached ** piety under Lugonu
  4010 | D:3      | You fall into a shaft and drop 2 floors!
  4010 | D:5      | Entered Level 5 of the Dungeon
  4014 | D:5      | Gained mutation: You are partially covered in thin metallic
                  | scales. (AC +2) [demonic ancestry]
  4014 | D:5      | Reached XP level 6. HP: 43/49 MP: 9/9
  4411 | D:4      | Noticed Pikel
  4417 | D:4      | Killed Pikel
  4418 | D:4      | Reached skill level 5 in Fighting
  4418 | D:4      | Reached skill level 7 in Invocations
  4418 | D:4      | Gained mutation: You have a pair of horns on your head.
                  | [demonic ancestry]
  4418 | D:4      | Reached XP level 7. HP: 55/57 MP: 10/12
  4571 | D:3      | Found a broken altar of Ashenzari.
  4950 | D:4      | Gained mutation: You are partially covered in sharp spines.
                  | [demonic ancestry]
  4950 | D:4      | Reached XP level 8. HP: 55/63 MP: 13/13
  5076 | D:4      | Reached skill level 5 in Short Blades
  5598 | D:4      | Reached skill level 8 in Invocations
  5603 | D:4      | Reached *** piety under Lugonu
  5660 | D:4      | Reached skill level 1 in Spellcasting
  6133 | D:5      | Found an ancient bone altar of Kikubaaqudgha.
  6351 | D:5      | Found a runed translucent door.
  6352 | D:5      | Noticed Crazy Yiuf
  6418 | D:5      | Killed Crazy Yiuf
  6616 | D:6      | Reached skill level 9 in Invocations
  6616 | D:6      | Reached XP level 9. HP: 10/72 MP: 15/15
  6905 | D:6      | Found a staircase to the Ecumenical Temple.
  6983 | D:6      | Identified the -4 helmet "Xoecel" {Contam rC+++ Will+++}
  7457 | D:6      | Found a shadowy altar of Dithmenos.
  8469 | D:7      | Reached skill level 1 in Shields
  8643 | D:7      | Killed from afar by an electric eel

Illustrated notes

Levels and vault maps discovered:
D:1:      dpeg_arrival_round_b, layout_basic,
          hellmonk_ecumenical_altar_pennies_from_heaven, hex_intersection
D:2:      wad_pebble_path, layout_basic, serial_shops, nicolae_shop_behind_doors
D:3:      minmay_chambers_of_threes, layout_basic, mainiacjoe_overflow_paths,
          minmay_hedge_maze, kennysheep_flooded_box, grunt_ministairs_1
D:4:      layout_loops_ring, serial_undead, serial_undead_c, serial_undead_a,
          serial_undead_e, serial_undead_f, serial_undead_a,
          chequers_serial_rivers_large_a, minmay_misc_feat_plants, st_stairs_1,
          minmay_manual_mess, uniq_pikel
D:5:      layout_gridville, mainiacjoe_overflow_surrounded_room,
          uniq_crazy_yiuf_cottage
D:6:      layout_loops_ring, grunt_dithmenos_smoke_and_mirrors,
          minmay_temple_entry_from_below_b
D:7:      layout_cave_pools, serial_bayou, serial_bayou_lagoon_a,
          serial_bayou_pond_b, serial_bayou_shore_a, serial_bayou_lagoon_b,
          minmay_misc_feat_four_crosses, grunt_decor_mini_mirrors

Skill      XL: |  1  2  3  4  5  6  7  8  9 |
---------------+----------------------------+-----
Invocations    | 3 4 5 7 9 |  9.9
Short Blades   | 1 2 4 5 6 |  6.6
Fighting       | 4 5 6 7 8 |  8.0
Spellcasting   | 1 2 |  2.7
Armour         | 2 |  2.3
Shields        | 1 |  1.2
Long Blades    | |  1.7
Dodging        | |  0.8

Action                   |  1- 3 |  4- 6 |  7- 9 || total
-------------------------+-------+-------+-------++-------
Melee: Rapier            |    41 |   110 |   146 ||   297
       Headbutt          |     4 |    15 |    20 ||    39
       Bite              |       |     3 |    15 ||    18
Invok: Depart the Abyss  |     1 |       |       ||     1
  Use: Scroll            |     2 |     2 |     5 ||     9
       Potion            |       |     2 |     4 ||     6
Armor: Leather armour    |     7 |       |       ||     7
       Scale mail        |     7 |    44 |    49 ||   100
Dodge: Dodged            |    27 |    41 |    62 ||   130

Table legend: (Time is in decaauts)
 A = Elapsed time spent in this place.
 B = Non-inter-level travel time spent in this place.
 C = Inter-level travel time spent in this place.
 D = Time resting spent in this place.
 E = Time spent auto-exploring this place.
 F = Levels seen in this place.
 G = Mean time per level.
                   A        B        C        D        E       F      G
               +--------+--------+--------+--------+--------+-----+--------+
         Total |   8694 |   8379 |    315 |   2803 |   4645 |  10 |  869.4 |
       Dungeon |   8588 |   8273 |    315 |   2803 |   4600 |   7 | 1226.9 |
         Abyss |    105 |    105 |      0 |      0 |     45 |   3 |   35.0 |
               +--------+--------+--------+--------+--------+-----+--------+

Top non-repeatable levels by time:
     D:2: 1577 daAuts
     D:1: 1455 daAuts
     D:3: 1354 daAuts
     D:4: 1219 daAuts
     D:6: 1147 daAuts
     D:7: 940 daAuts
     D:5: 893 daAuts
 Abyss:3: 51 daAuts
 Abyss:1: 35 daAuts
 Abyss:2: 18 daAuts
